 Dungeon Crawl Stone Soup version 0.28-a0-969-g2dcde036d2 (webtiles) character file.

Game seed: 7090918031365502579

24 KyoPewz the Shooter (level 2, 0/16 HPs)
             Began as a Deep Elf Arcane Marksman on Dec 1, 2021.
             Succumbed to an adder's poison
             ... on level 2 of the Dungeon.
             The game lasted 00:04:38 (1074 turns).

KyoPewz the Shooter (Deep Elf Arcane Marksman)      Turns: 1074, Time: 00:04:38

Health: 0/16       AC:  2    Str:  7    XL:     2   Next: 79%
Magic:  6/6        EV: 12    Int: 17    God:
Gold:   94         SH:  0    Dex: 15    Spells: 3/4 levels left

rFire   . . .      SeeInvis .   a - +0 shortbow {bow}
rCold   . . .      Faith    .   (shield currently unavailable)
rNeg    . . .      Spirit   .   d - +0 robe
rPois   .          Reflect  .   (no helmet)
rElec   .          Harm     .   (no cloak)
rCorr   .          Rampage  .   (no gloves)
Will    .....                   (no boots)
Stlth   +.........              (no amulet)
HPRegen 0.05/turn               (no ring)
MPRegen 0.10/turn               (no ring)

@: lethally poisoned (0 -> -1), hasted, very quick
A: no striking features
a: no special abilities


You were on level 2 of the Dungeon.
You visited 1 branch of the dungeon, and saw 2 of its levels.

You collected 94 gold pieces.


   Skills:
 - Level 0.7 Fighting
 + Level 4.5 Bows
 - Level 2.4 Dodging
 - Level 1.5 Spellcasting
 - Level 4.0 Hexes


You had 3 spell levels left.
You knew the following spells:

 Your Spells              Type           Power      Damage    Failure   Level
a - Slow                  Hex            56%        N/A       4%          1

Your spell library contained the following spells:

 Spells                   Type           Power      Damage    Failure   Level
 Magic Dart               Conj           4%         1d3       21%         1
 Inner Flame              Hex/Fire       8%         N/A       26%         3
 Portal Projectile        Hex/Tloc       16%        N/A       26%         3
 Searing Ray              Conj           2%         2d4       30%         2
 Cause Fear               Hex            7%         N/A       36%         4
 Fulminant Prism          Conj/Hex       4%         3d6       65%         4

Inventory:

Hand Weapons
 a - a +0 shortbow (weapon) {bow}
 h - a +0 dagger {short}
   (You found it on level 1 of the Dungeon)
Missiles
 j - 5 boomerangs of dispersal {=f!fthrowing}
 l - 5 boomerangs {throwing}
Armour
 d - a +0 robe (worn)
 i - a +0 ring mail
   (You found it on level 1 of the Dungeon)
 n - a +0 leather armour
   (You found it on level 1 of the Dungeon)
Jewellery
 b - an amulet of magic regeneration {@e2}
   (You found it on level 1 of the Dungeon)
Scrolls
 m - a scroll of teleportation {unknown}
 o - a scroll of enchant weapon {unknown}
Potions
 e - a potion of haste {@q3}
 f - 2 potions of curing {unknown}
 g - 2 potions of cancellation {unknown}
 k - a potion of heal wounds {unknown}

Dungeon Overview and Level Annotations

Branches:
Dungeon (2/15)

Altars:

#...#.....#....#......
#..>#.(...##..#........
#.........###......(.
#..................(.
#........†..######.
#...........#
#...(.......#
#.##S######## #.##@#
#.##.# ..##.# ####.#
#.# #.# #.# #.########
#.......<#


You could see an adder.


Message History

You shoot an arrow. The arrow misses the adder.
There is a stone staircase leading up here.
Fire: 14 arrows
Press: ? - help, Q - select action, (/) - cycle Shift-Dir - straight line, f/p - adder
Aim: an adder (42% to hit)
You shoot an arrow. The arrow closely misses the adder.
You climb upwards.
There is a stone staircase leading down here.
There is an open door here.
There is a stone staircase leading down here.
You can't go up here!
You climb downwards.
There is a stone staircase leading up here.
The adder hisses angrily.
Fire: 13 arrows
Press: ? - help, Q - select action, (/) - cycle Shift-Dir - straight line, f - adder
Aim: an adder (42% to hit)
You shoot an arrow. The arrow hits the adder.
Fire: 12 arrows
Press: ? - help, Q - select action, (/) - cycle Shift-Dir - straight line, f/p - adder
Aim: an adder (lightly wounded, 42% to hit)
You shoot an arrow. The arrow barely misses the adder.
Fire: 11 arrows
Press: ? - help, Q - select action, (/) - cycle Shift-Dir - straight line, f/p - adder
Aim: an adder (lightly wounded, 42% to hit)
You shoot an arrow. The arrow hits the adder.
Fire: 10 arrows
Press: ? - help, Q - select action, (/) - cycle Shift-Dir - straight line, f/p - adder
Aim: an adder (heavily wounded, 42% to hit)
You shoot an arrow. The arrow closely misses the adder.
The adder barely misses you. x2
Fire: 9 arrows
Press: ? - help, Q - select action, (/) - cycle Shift-Dir - straight line, f/p - adder
Aim: an adder (heavily wounded, 42% to hit)
You shoot an arrow. The arrow barely misses the adder.
The adder bites you. 😕 HP[-2]
You take 2 damage, and now have 14/16 hp.
Fire: 8 arrows
Press: ? - help, Q - select action, (/) - cycle Shift-Dir - straight line, f/p - adder
Aim: an adder (heavily wounded, 42% to hit)
You shoot an arrow. The arrow barely misses the adder.
The adder barely misses you. The adder misses you.
Fire: 7 arrows
Press: ? - help, Q - select action, (/) - cycle Shift-Dir - straight line, f/p - adder
Aim: an adder (heavily wounded, 42% to hit)
You shoot an arrow. The arrow closely misses the adder.
The adder closely misses you.
Fire: 6 arrows
Press: ? - help, Q - select action, (/) - cycle Shift-Dir - straight line, f/p - adder
Aim: an adder (heavily wounded, 42% to hit)
You shoot an arrow. The arrow closely misses the adder.
The adder closely misses you.
Fire: 5 arrows
Press: ? - help, Q - select action, (/) - cycle Shift-Dir - straight line, f/p - adder
Aim: an adder (heavily wounded, 42% to hit)
You shoot an arrow.
The arrow hits the adder but does no damage.
The adder bites you.
You are poisoned.
The adder poisons you! The adder bites you.
* * * LOW HITPOINT WARNING * * *
😨 HP[-6]
You take 6 damage, and now have 8/16 hp.
MASSIVE DAMAGE!! (PAUSE) Fire: 4 arrows
Press: ? - help, Q - select action, (/) - cycle Shift-Dir - straight line, f/p - adder
Aim: an adder (heavily wounded, 42% to hit)
You shoot an arrow. The arrow completely misses the adder.
* * * LOW HITPOINT WARNING * * *
You feel sick. The adder closely misses you. 😨 HP[-2]
You take 2 damage, and now have 6/16 hp.
Fire: 3 arrows
Press: ? - help, Q - select action, (/) - cycle Shift-Dir - straight line, f/p - adder
Aim: an adder (heavily wounded, 42% to hit)
You shoot an arrow. The arrow hits the adder.
You feel sick. The adder barely misses you. 😨 HP[-1]
You take 1 damage, and now have 5/16 hp.
Fire: 2 arrows
Press: ? - help, Q - select action, (/) - cycle Shift-Dir - straight line, f/p - adder
Aim: an adder (heavily wounded, 42% to hit)
You shoot an arrow. The arrow barely misses the adder.
You feel sick. The adder closely misses you.
The adder barely misses you. 😱 HP[-1]
You take 1 damage, and now have 4/16 hp.
Fire: arrow
Press: ? - help, Q - select action, (/) - cycle Shift-Dir - straight line, f/p - adder
Aim: an adder (heavily wounded, 42% to hit)
You shoot an arrow. The arrow misses the adder.
You feel sick. The adder bites you.
* * * LOW HITPOINT WARNING * * *
😱 HP[-3]
You take 3 damage, and now have 1/16 hp.
Unknown command.
Unknown command.
Unknown command.
It was a potion of haste.
You feel yourself speed up.
You die...

Skill      XL: |  1  2 |
---------------+-------+-----
Bows           | 3 4 |  4.5
Fighting       | |  0.7
Dodging        | |  2.4
Spellcasting   | |  1.5
Hexes          | |  4.0

Action                   || total
-------------------------++-------
 Fire: Shortbow          ||    63
  Use: Potion            ||     1
Armor: Robe              ||     1
Dodge: Dodged            ||    14

Levels and vault maps discovered:
D:1:      eino_arrival_tree_alley, layout_basic, dk_noncrumbling_3
D:2:      layout_basic, chequers_ecumenical_altar_simple_redux,
          minmay_tetromino_l4

Notes
Turn   | Place    | Note
-------+----------+-------------------------------------------
     0 | D:1      | KyoPewz the Deep Elf Arcane Marksman began the quest for
                  | the Orb.
     0 | D:1      | Reached XP level 1. HP: 11/11 MP: 5/5
     0 | D:1      | magus.rc [v1.9.6]
    71 | D:1      | Reached skill level 3 in Bows
    74 | D:1      | You pick up a book of Conjurations {@e2} and begin
                  | reading...
    74 | D:1      | You add the spells Magic Dart, Searing Ray and Fulminant
                  | Prism to your library.
   128 | D:1      | Reached XP level 2. HP: 16/16 MP: 6/6
   327 | D:1      | Reached skill level 4 in Bows
  1072 | D:2      | HP: 4/16 [poisoned by an adder]
  1073 | D:2      | HP: 1/16 [adder (2)]
  1074 | D:2      | Succumbed to an adder's poison

Vanquished Creatures
  A dart slug (D:1)
  3 ball pythons
  A bat (D:1)
  3 endoplasms
  A giant cockroach (D:1)
  3 hobgoblins (D:1)
  2 quokkas
  A frilled lizard (D:1)
  A goblin (D:1)
  A kobold (D:1)
  3 rats (D:1)
20 creatures vanquished.

Table legend:
 A = Non-vault XP
 B = Vault XP
 C = Vault XP percentage of total XP
 D = Non-vault monster count
 E = Vault monster count
 F = Vault count percentage of total count
                 A         B        C        D         E       F
            +---------+---------+-------+---------+---------+-------
      Total |      29 |       6 |  17.1 |      17 |       3 |  15.0
            +---------+---------+-------+---------+---------+-------
        D:1 |      28 |       2 |   6.7 |      16 |       1 |   5.9
        D:2 |       1 |       4 |  80.0 |       1 |       2 |  66.7
            +---------+---------+-------+---------+---------+-------

Illustrated notes

Table legend:
 A = Kills in this place as a percentage of kills in entire the game.
 B = Kills by you in this place as a percentage of kills by you in the entire game.
 C = Kills by friends in this place as a percentage of kills by friends in the entire game.
 D = Other kills in this place as a percentage of other kills in the entire game.
 E = Experience gained in this place as a percentage of experience gained in the entire game.
 F = Experience gained in this place divided by the number of levels of this place that you have seen.
                   A       B       C       D       E      F
               +-------+-------+-------+-------+-------+----------------------
         Total | 100.0 | 100.0 |   N/A |   N/A | 100.0 |  17.5
       Dungeon | 100.0 | 100.0 |   N/A |   N/A | 100.0 |  17.5
               +-------+-------+-------+-------+-------+----------------------

Table legend: (Time is in decaauts)
 A = Elapsed time spent in this place.
 B = Non-inter-level travel time spent in this place.
 C = Inter-level travel time spent in this place.
 D = Time resting spent in this place.
 E = Time spent auto-exploring this place.
 F = Levels seen in this place.
 G = Mean time per level.
                   A        B        C        D        E       F      G
               +--------+--------+--------+--------+--------+-----+--------+
         Total |   1081 |    972 |    109 |     67 |    654 |   2 |  540.5 |
       Dungeon |   1081 |    972 |    109 |     67 |    654 |   2 |  540.5 |
               +--------+--------+--------+--------+--------+-----+--------+

Top non-repeatable levels by time:
     D:1: 971 daAuts
     D:2: 110 daAuts
